NCAA
FLORIDA GATORS @ OHIO STATE BUCKEYES
04/04/2024
 
TOP OF THE 1ST
Florida Gators batting - Pitching for Ohio State Buckeyes : RHP Homer Carr
Pitching: RHP Homer Carr
Batting: LHB Jeff Fountain 0-0: Foul Ball, location: 2F
0-1: SINGLE (Groundball, 5D)
Batting: RHB Joe Richardson 0-0: Ball
Jeff Fountain steals 2nd base
1-0: Ball
2-0: Ball
3-0: Called Strike
3-1: Called Strike
3-2: Ground out 4-3 (Groundball, 4)
Jeff Fountain to third
Batting: LHB Mark Strong 0-0: Ball
1-0: Foul Ball, location: 2F
1-1: Foul Ball, location: 2F
1-2: Foul Ball, location: 2F
1-2: Ball
2-2: Fly out, F9 (Line Drive, 9M)
Runner from 3rd tags up, SCORES, no throw
Batting: LHB Juan Torres 0-0: SINGLE (Groundball, 6MD)
Batting: RHB Mario Solís 0-0: Reached on Error, E8 (Flyball, 8RM)
Juan Torres to third
Batting: RHB Larry Kennedy 0-0: SINGLE (Groundball, 56D)
Juan Torres scores
Mario Solís to third
Runner from 3rd tries for Home, SAFE, no throw or cutoff
Batting: RHB Barry Murphy 0-0: Called Strike
0-1: Fielders Choice at 2nd, 6-4 (Groundball, 6)
Top of the 1st over - 3 run(s), 3 hit(s), 1 error(s), 0 left on base; Florida 3 - Ohio State 0
BOTTOM OF THE 1ST
Ohio State Buckeyes batting - Pitching for Florida Gators : RHP Alejandro Guzmán
Pitching: RHP Alejandro Guzmán
Batting: SHB Thomas Simmons 0-0: Ball
1-0: Ball
2-0: Called Strike
2-1: DOUBLE (Groundball, 5L)
Batting: RHB Gabriel Soto 0-0: Ball
1-0: Foul Ball, location: 2F
1-1: Ball
2-1: Ball
3-1: Foul Ball, location: 2F
3-2: Base on Balls
Batting: RHB Júlio Morales 0-0: Ball
Thomas Simmons steals 3rd base
Gabriel Soto to second
1-0: Foul Ball, location: 2F
1-1: Ball
2-1: SINGLE (Groundball, 6) (infield hit)
Thomas Simmons scores
Gabriel Soto to third
Batting: LHB Frank García 0-0: Ball
1-0: Called Strike
1-1: Ball
2-1: Grounds into double play, 1-6-3 (Groundball, 13S)
Batting: SHB Devin Smith 0-0: Called Strike
0-1: Foul Ball, location: 2F
0-2: SINGLE (Flyball, 7LS)
Gabriel Soto scores
Batting: LHB Joel Nelson 0-0: Ball
1-0: Called Strike
1-1: Fly out, F9 (Flyball, 9LD)
Bottom of the 1st over - 2 run(s), 3 hit(s), 0 error(s), 1 left on base; Florida 3 - Ohio State 2
TOP OF THE 2ND
Florida Gators batting - Pitching for Ohio State Buckeyes : RHP Homer Carr
Batting: RHB Johnny MacNamara 0-0: Called Strike
0-1: Swinging Strike
0-2: Ball
1-2: Ball
2-2: Strikes out swinging
Batting: RHB Butch Richardson 0-0: Called Strike
Reached via error on a dropped throw, E3
Batting: LHB Jeff Fountain Balk!
Butch Richardson to second
0-0: Called Strike
0-1: Swinging Strike
0-2: Fly out, F8 (Line Drive, 8LM)
Batting: RHB Joe Richardson 0-0: Swinging Strike
0-1: Swinging Strike
0-2: Strikes out swinging
Top of the 2nd over - 0 run(s), 0 hit(s), 1 error(s), 1 left on base; Florida 3 - Ohio State 2
BOTTOM OF THE 2ND
Ohio State Buckeyes batting - Pitching for Florida Gators : RHP Alejandro Guzmán
Batting: RHB Santiago Gutiérrez 0-0: Ball
1-0: Called Strike
1-1: Ball
2-1: Fly out, F7 (Flyball, 78M)
Batting: RHB Will Anderson 0-0: Called Strike
0-1: Ball
1-1: Called Strike
1-2: Ball
2-2: Strikes out looking
Batting: RHB Dan Rivera 0-0: Ball
1-0: Ball
2-0: Ball
3-0: Base on Balls
Batting: SHB Thomas Simmons 0-0: Ball
1-0: Swinging Strike
1-1: Foul Ball, location: 2F
1-2: Strikes out swinging
Bottom of the 2nd over - 0 run(s), 0 hit(s), 0 error(s), 1 left on base; Florida 3 - Ohio State 2
TOP OF THE 3RD
Florida Gators batting - Pitching for Ohio State Buckeyes : RHP Homer Carr
Batting: LHB Mark Strong 0-0: Called Strike
0-1: Foul Ball, location: 2F
0-2: Ground out 1-3 (Groundball, 25)
Batting: LHB Juan Torres 0-0: Ball
1-0: Ball
2-0: Ground out U3 (Groundball, 3)
Batting: RHB Mario Solís 0-0: Ball
1-0: Ground out 5-3 (Groundball, 56)
Top of the 3rd over - 0 run(s), 0 hit(s), 0 error(s), 0 left on base; Florida 3 - Ohio State 2
BOTTOM OF THE 3RD
Ohio State Buckeyes batting - Pitching for Florida Gators : RHP Alejandro Guzmán
Batting: RHB Gabriel Soto 0-0: Ball
1-0: Ball
2-0: SINGLE (Line Drive, 6D)
Batting: RHB Júlio Morales 0-0: Swinging Strike
0-1: Swinging Strike
0-2: Ball
1-2: Grounds into double play, 5-4-3 (Groundball, 56)
Batting: LHB Frank García 0-0: Foul Ball, location: 2F
0-1: Swinging Strike
0-2: Ball
1-2: Fly out, F8 (Flyball, 8LM)
Bottom of the 3rd over - 0 run(s), 1 hit(s), 0 error(s), 0 left on base; Florida 3 - Ohio State 2
TOP OF THE 4TH
Florida Gators batting - Pitching for Ohio State Buckeyes : RHP Homer Carr
Batting: RHB Larry Kennedy 0-0: Called Strike
0-1: Foul Ball, location: 2F
0-2: Ball
1-2: Strikes out looking
Batting: RHB Barry Murphy 0-0: Ball
1-0: Foul Ball, location: 2F
1-1: Swinging Strike
1-2: Foul Ball, location: 2F
1-2: Strikes out swinging
Batting: RHB Johnny MacNamara 0-0: Called Strike
0-1: Ground out 6-3 (Groundball, 6)
Top of the 4th over - 0 run(s), 0 hit(s), 0 error(s), 0 left on base; Florida 3 - Ohio State 2
BOTTOM OF THE 4TH
Ohio State Buckeyes batting - Pitching for Florida Gators : RHP Alejandro Guzmán
Batting: SHB Devin Smith 0-0: Foul Ball, location: 2F
0-1: Ball
1-1: Foul Ball, location: 2F
1-2: Ball
2-2: Ground out 6-3 (Groundball, 6)
Batting: LHB Joel Nelson 0-0: Ball
1-0: Ball
2-0: Ball
3-0: Base on Balls
Batting: RHB Santiago Gutiérrez 0-0: Ball
1-0: Called Strike
1-1: Ball
2-1: Swinging Strike
2-2: Strikes out swinging
Batting: RHB Will Anderson 0-0: Ball
1-0: Foul Ball, location: 2F
1-1: SINGLE (Line Drive, 56D)
Joel Nelson to second
Batting: RHB Dan Rivera 0-0: Fly out, F9 (Flyball, 9M)
Bottom of the 4th over - 0 run(s), 1 hit(s), 0 error(s), 2 left on base; Florida 3 - Ohio State 2
TOP OF THE 5TH
Florida Gators batting - Pitching for Ohio State Buckeyes : RHP Homer Carr
Batting: RHB Butch Richardson 0-0: Swinging Strike
0-1: Swinging Strike
0-2: Ball
1-2: Foul Ball, location: 2F
1-2: Fly out, F8 (Flyball, 8LM)
Batting: LHB Jeff Fountain 0-0: Swinging Strike
0-1: Ground out 5-3 (Groundball, 5S)
Batting: RHB Joe Richardson 0-0: Called Strike
0-1: Fly out, F1 (Popup, 13)
Top of the 5th over - 0 run(s), 0 hit(s), 0 error(s), 0 left on base; Florida 3 - Ohio State 2
BOTTOM OF THE 5TH
Ohio State Buckeyes batting - Pitching for Florida Gators : RHP Alejandro Guzmán
Batting: SHB Thomas Simmons 0-0: Called Strike
0-1: Ground out 5-3 (Groundball, 56S)
Batting: RHB Gabriel Soto 0-0: Fly out, F7 (Flyball, 78D)
Batting: RHB Júlio Morales 0-0: Foul Ball, location: 2F
0-1: SINGLE (Line Drive, 89S)
Pitching: RHP Santiago Castro
Batting: LHB Frank García 0-0: Ball
1-0: Ground out 5-3 (Groundball, 56)
Bottom of the 5th over - 0 run(s), 1 hit(s), 0 error(s), 1 left on base; Florida 3 - Ohio State 2
TOP OF THE 6TH
Florida Gators batting - Pitching for Ohio State Buckeyes : RHP Homer Carr
Batting: LHB Mark Strong 0-0: Called Strike
0-1: Swinging Strike
0-2: Ball
1-2: Ball
2-2: Ball
3-2: Base on Balls
Batting: LHB Juan Torres 0-0: Ball
1-0: Swinging Strike
1-1: Foul Ball, location: 2F
1-2: Strikes out looking
Pitching: RHP Allen King
Batting: RHB Mario Solís 0-0: Ball
1-0: Ball
2-0: Ball
3-0: Called Strike
3-1: Base on Balls
Mark Strong to second
Batting: RHB Larry Kennedy 0-0: Called Strike
0-1: Ball
1-1: Foul Ball, location: 2F
1-2: Ball
2-2: Ball
3-2: Base on Balls
Mark Strong to third
Mario Solís to second
Batting: RHB Barry Murphy 0-0: Reached on error, E5 (Groundball, 56)
Mark Strong scores
Mario Solís to third
Larry Kennedy to second
Batting: RHB Johnny MacNamara 0-0: Swinging Strike
0-1: GRAND SLAM HOME RUN (Flyball, 89XD), Distance : 375 ft
Pitching: RHP Don Feightner
Batting: RHB Butch Richardson 0-0: Ball
1-0: Called Strike
1-1: Foul Ball, location: 2F
1-2: Strikes out swinging
Batting: LHB Jeff Fountain 0-0: Fly out, F2 (Popup, 25F)
Top of the 6th over - 5 run(s), 1 hit(s), 1 error(s), 0 left on base; Florida 8 - Ohio State 2
BOTTOM OF THE 6TH
Ohio State Buckeyes batting - Pitching for Florida Gators : RHP Santiago Castro
Batting: SHB Devin Smith 0-0: Swinging Strike
0-1: Ball
1-1: Swinging Strike
1-2: Ball
2-2: Foul Ball, location: 2F
2-2: Strikes out swinging
Batting: LHB Joel Nelson 0-0: Ball
1-0: SINGLE (Groundball, 6)
Batting: RHB Santiago Gutiérrez 0-0: Ball
1-0: Swinging Strike
1-1: Ball
2-1: Fly out, F3 (Popup, 3F)
Batting: RHB Will Anderson 0-0: Ball
1-0: Fly out, F7 (Line Drive, 7LM)
Bottom of the 6th over - 0 run(s), 1 hit(s), 0 error(s), 1 left on base; Florida 8 - Ohio State 2
TOP OF THE 7TH
Florida Gators batting - Pitching for Ohio State Buckeyes : RHP Don Feightner
Batting: RHB Joe Richardson 0-0: Swinging Strike
0-1: Ball
1-1: Ball
2-1: Foul Ball, location: 2F
2-2: Strikes out looking
Batting: LHB Mark Strong 0-0: Swinging Strike
0-1: Swinging Strike
0-2: Fly out, F4 (Line Drive, 4)
Batting: LHB Juan Torres 0-0: Ground out 4-3 (Groundball, 4)
Top of the 7th over - 0 run(s), 0 hit(s), 0 error(s), 0 left on base; Florida 8 - Ohio State 2
BOTTOM OF THE 7TH
Ohio State Buckeyes batting - Pitching for Florida Gators : RHP Santiago Castro
Batting: RHB Dan Rivera 0-0: Ball
1-0: Ball
2-0: Swinging Strike
2-1: Ball
3-1: Base on Balls
Batting: SHB Thomas Simmons 0-0: Fielders Choice at 2nd, 6-4 (Groundball, 6)
Batting: RHB Gabriel Soto 0-0: Called Strike
0-1: Ball
1-1: Called Strike
1-2: Ball
2-2: Ball
3-2: Base on Balls
Thomas Simmons to second
Batting: RHB Júlio Morales 0-0: SINGLE (Line Drive, 6MD)
Thomas Simmons to third
Gabriel Soto to second
Runner from 3rd tries for Home, SAFE, no throw or cutoff
Batting: LHB Frank García 0-0: Ball
1-0: Foul Ball, location: 2F
1-1: Ball
2-1: Swinging Strike
2-2: Strikes out swinging
Pitching: RHP Michael Short
Batting: SHB Devin Smith 0-0: Ball
1-0: Ball
Wild Pitch!
Gabriel Soto to third
Júlio Morales to second
2-0: Ball
3-0: Called Strike
3-1: Swinging Strike
3-2: Foul Ball, location: 2F
3-2: Foul Ball, location: 2F
3-2: Base on Balls
Batting: LHB Joel Nelson 0-0: Called Strike
0-1: Swinging Strike
0-2: Ball
1-2: Ball
2-2: Ball
3-2: Fly out, F4 (Popup, 4)
Bottom of the 7th over - 1 run(s), 1 hit(s), 0 error(s), 3 left on base; Florida 8 - Ohio State 3
TOP OF THE 8TH
Florida Gators batting - Pitching for Ohio State Buckeyes : RHP Don Feightner
Batting: RHB Mario Solís 0-0: Ball
1-0: Called Strike
1-1: Ball
2-1: Foul Ball, location: 2F
2-2: SINGLE (Flyball, 6MD)
Batting: RHB Larry Kennedy 0-0: Swinging Strike
0-1: Sac Bunt - play at first, batter OUT! 1-3
Mario Solís to second
Pitching: LHP Howard Mack
Batting: RHB Barry Murphy 0-0: Swinging Strike
0-1: Foul Ball, location: 2F
0-2: Ball
1-2: Strikes out swinging
Batting: RHB Johnny MacNamara 0-0: Swinging Strike
0-1: Ball
1-1: Fly out, F7 (Flyball, 7LM)
Top of the 8th over - 0 run(s), 1 hit(s), 0 error(s), 1 left on base; Florida 8 - Ohio State 3
BOTTOM OF THE 8TH
Ohio State Buckeyes batting - Pitching for Florida Gators : RHP Michael Short
Batting: RHB Santiago Gutiérrez 0-0: Called Strike
0-1: Ground out 1-3 (Groundball, 15S)
Batting: RHB Will Anderson 0-0: Ball
1-0: Ball
2-0: Ground out 1-3 (Groundball, 13)
Batting: RHB Dan Rivera 0-0: Ball
1-0: Fly out, F8 (Line Drive, 8LD)
Bottom of the 8th over - 0 run(s), 0 hit(s), 0 error(s), 0 left on base; Florida 8 - Ohio State 3
TOP OF THE 9TH
Florida Gators batting - Pitching for Ohio State Buckeyes : LHP Howard Mack
Batting: RHB Butch Richardson 0-0: Foul Ball, location: 2F
0-1: Ground out 5-3 (Groundball, 56S)
Batting: LHB Jeff Fountain 0-0: Foul Ball, location: 2F
0-1: Called Strike
0-2: Ball
1-2: Strikes out swinging
Batting: RHB Joe Richardson 0-0: Swinging Strike
0-1: Called Strike
0-2: Strikes out looking
Top of the 9th over - 0 run(s), 0 hit(s), 0 error(s), 0 left on base; Florida 8 - Ohio State 3
BOTTOM OF THE 9TH
Ohio State Buckeyes batting - Pitching for Florida Gators : RHP Michael Short
Now at 2B: Leroy Sibbald
Batting: SHB Thomas Simmons 0-0: Ball
1-0: Ground out 6-3 (Groundball, 6)
Batting: RHB Gabriel Soto 0-0: Called Strike
0-1: Ball
1-1: Called Strike
1-2: Ball
2-2: Ball
3-2: Ground out 4-3 (Groundball, 4M)
Batting: RHB Júlio Morales 0-0: Ball
1-0: Foul Ball, location: 2F
1-1: Ball
2-1: Foul Ball, location: 2F
2-2: DOUBLE (Groundball, 5L)
Batting: LHB Frank García 0-0: 2-RUN HOME RUN (Flyball, 9D), Distance : 366 ft
Pitching: LHP Chet Scott
Batting: SHB Devin Smith 0-0: Ball
1-0: Foul Ball, location: 2F
1-1: Ball
2-1: Ball
3-1: Base on Balls
Batting: LHB Joel Nelson 0-0: Called Strike
0-1: Ball
1-1: Fly out, F8 (Flyball, 8LM)
Bottom of the 9th over - 2 run(s), 2 hit(s), 0 error(s), 1 left on base; Florida 8 - Ohio State 5
This league is powered by Out of the Park Baseball, the baseball management simulation game for PC, Mac and Linux
Saturday, April 9th, 2016 - OOTP Baseball 16.8 Build 38